 Dungeon Crawl Stone Soup version 0.31.0 (webtiles) character file.

Game seed: 10170359243968888904

1538 shadowrider38 the Cudgeller (level 8, -2/99 HPs)
             Began as an Armataur Hexslinger on Jan 20, 2024.
             Was a Follower of Trog.
             Slain by a killer bee (4 damage)
             ... on level 6 of the Dungeon.
             The game lasted 00:13:55 (8906 turns).

shadowrider38 the Cudgeller (Armataur Hexslinger)   Turns: 8906, Time: 00:13:56

Health: -2/99      AC:  7    Str: 15      XL:     8   Next: 56%
Magic:  9/9        EV:  4    Int: 13 (14) God:    Trog [*.....]
Gold:   277        SH:  4    Dex: 12 (13) Spells: 7/9 levels left

rFire   . . .        a - +0 morningstar
rCold   . . .        d - +0 buckler
rNeg    . . .        p - +0 chain mail
rPois   .            (no helmet)
rElec   .            (no cloak)
rCorr   +            (no gloves)
SInv    .            (no barding)
Will    .....        (no amulet) Stlth
                     g - ring of resist corrosion
HPRegen 0.36/turn    (no ring)
MPRegen 0.11/turn

%: roll
@: berserking, lethally poisoned (-2 -> -19), very quick
A: large, deformed body, tough skin 3, armoured tail, roll 2, hooves 1,
deterioration 1
a: Renounce Religion, Berserk


You were on level 6 of the Dungeon.
You worshipped Trog.
Trog was aware of your devotion.
You visited 1 branch of the dungeon, and saw 6 of its levels.

You collected 277 gold pieces.

Inventory:

Hand Weapons
 a - a +0 morningstar (weapon)
 s - a +1 sling
Missiles
 t - 3 boomerangs (quivered)
Armour
 d - a +0 buckler (worn)
 p - a +0 chain mail (worn)
Jewellery
 g - a ring of resist corrosion (left hand)
Wands
 V - a wand of flame (35)
Scrolls
 b - a scroll of fear {unknown}
 c - a scroll of summoning {unknown}
 h - 2 scrolls of fog {unknown}
 k - a scroll of noise {unknown}
 l - 2 scrolls of poison
 m - a scroll of blinking {unknown}
 o - a scroll of revelation
 v - a scroll of enchant armour {unknown}
 w - a scroll of acquirement {unknown}
 x - a scroll of vulnerability {unknown}
 B - a scroll of immolation
Potions
 e - 3 potions of resistance
 f - a potion of brilliance
 u - 2 potions of mutation
 y - a potion of attraction
 A - a potion of magic {unknown}


   Skills:
 - Level 4.1 Fighting
 + Level 7.7 Maces & Flails
 - Level 2.0 Ranged Weapons
 - Level 2.0 Armour
 - Level 1.3 Dodging
 - Level 2.0 Stealth
 - Level 3.3 Shields
 - Level 1.0 Spellcasting
 - Level 2.6 Hexes
 - Level 0.8 Fire Magic


You had 7 spell levels left.
You knew the following spells:

 Your Spells              Type           Power      Damage    Failure   Level
a - Jinxbite              Hex            14%        N/A       95%         2

Your spell library contained the following spells:

 Spells                   Type           Power      Damage    Failure   Level
 Magic Dart               Conj           0%         1d3       99%         1
 Necrotise                Necr           0%         1d4       99%         1
 Sigil of Binding         Hex            7%         N/A       99%         3
 Lesser Beckoning         Tloc           0%         N/A       100%        2
 Searing Ray              Conj           0%         2d4       100%        2
 Gell's Gravitas          Tloc           0%         N/A       100%        3
 Inner Flame              Hex/Fire       5%         N/A       100%        3
 Teleport Other           Tloc           0%         N/A       100%        3
 Vampiric Draining        Necr           0%         2d6       100%        3
 Cause Fear               Hex            3%         N/A       100%        4
 Dimensional Bullseye     Hex/Tloc       2%         N/A       100%        4
 Fulminant Prism          Conj/Alch      0%         3d5       100%        4
 Martyr's Knell           Necr/Summ      0%         N/A       100%        4
 Curse of Agony           Necr           0%         N/A       100%        5


Dungeon Overview and Level Annotations

Branches:
Dungeon (6/15) Zot: 25217
 Temple: D:4-7

Altars:
Ashenzari
Elyvilon
Fedhas
Makhleb
Qazlal
Trog
Yredelemnul

Annotations:
D:2 1 runed translucent door, Crazy Yiuf
D:3 exclusions: downstairs, 2 orcs, orc priest and orc wizard
D:4 2 runed translucent doors, Ijyb; Jingleheimer's ghost, amateur OpSh; Natasha
D:5 exclusion: downstairs


Innate Abilities, Weirdness & Mutations

Armour fits poorly on your strangely shaped body.
You have extremely tough skin. (AC +3)
You have a long armoured tail.
You regenerate magic and health when rolling toward enemies. (Rampage Regen)
You have large cloven feet.
Your body sometimes deteriorates upon taking damage.


Message History

It was a potion of berserk rage.
A red film seems to cover your vision as you go berserk!
You feel yourself moving faster!
You feel mighty!
You feel very sick.
The killer bee stings you but does no damage.
You block the killer bee's attack.
The killer bee stings you but does no damage.
The killer bee stings you.
You closely miss the killer bee. Your kick misses the killer bee.
Your tail-slap misses the killer bee.
The killer bee is moderately wounded.
You feel very sick. The killer bee stings you.
You are more poisoned.
The killer bee poisons you!
The killer bee stings you but does no damage. x2
You closely miss the killer bee.
Your tail-slap misses the killer bee.
The killer bee is moderately wounded.
You feel very sick.
The killer bee stings you but does no damage.
The killer bee barely misses you. You block the killer bee's attack. x2
You puncture the killer bee!
You kill the killer bee!
Trog accepts your kill.
You feel very sick. The killer bee stings you.
* * * LOW HITPOINT WARNING * * *
You hit the killer bee. You kick the killer bee!
The killer bee is almost dead.
You feel very sick. You block the killer bee's attack.
You closely miss the killer bee.
You feel sick. The killer bee stings you.
* * * LOW HITPOINT WARNING * * *
You are lethally poisoned!
The killer bee poisons you! The killer bee stings you.
* * * LOW HITPOINT WARNING * * *
You are more poisoned.
The killer bee poisons you!
You miss the killer bee. Your kick misses the killer bee.
Your tail-slap misses the killer bee.
* * * LOW HITPOINT WARNING * * *
You feel very sick. The killer bee completely misses you.
The killer bee barely misses you.
The killer bee stings you but does no damage.
The killer bee barely misses you.
You miss the killer bee.
* * * LOW HITPOINT WARNING * * *
You feel very sick. The killer bee completely misses you.
The killer bee stings you.
You die...

#.......# #.#.........#......
#.......###.#...#[#...#......
######...y.....##.##.......##
#.........#...#.......#.
#........##..[##......#.
#........#..≈..#......#.
#######........#.≈≈≈.#......#.
#...........##y#.≈≈≈.#......#.
#...........#@y#.≈≈≈.#......#.
#...........#..#..≈..#......##
#...........#..##...##........
#...........#...#####.........
#.....y.....#.................
#...........#...#....#........
#...........#...##...#........
#...........#........#######..
#...........#.........'....#..


You could see 2 killer bees.

Vanquished Creatures
  An orc warrior (D:6)
  An ice beast (D:5)
  A centaur (D:5)
  A kobold brigand (D:6)
  Blork the orc (D:4)
  4 scorpions
  3 wights
  A killer bee (D:6)
  5 hounds
  A crimson imp (D:5)
  2 bombardier beetles
  2 orc priests
  2 iguanas (D:6)
  4 orc wizards
  3 gnolls
  10 adders
  A white imp (D:6)
  2 ufetubi (D:5)
  5 ribbon worms
  A dart slug (D:4)
  15 orcs
  7 ball pythons
  6 bats
  9 endoplasms
  5 giant cockroaches
  7 goblins
  6 hobgoblins
  5 quokkas
  6 frilled lizards
  8 kobolds
  4 rats
129 creatures vanquished.

Notes
Turn   | Place    | Note
-------+----------+-------------------------------------------
     0 | D:1      | shadowrider38 the Armataur Hexslinger began the quest for
                  | the Orb.
     0 | D:1      | Reached XP level 1. HP: 15/15 MP: 2/2
   206 | D:1      | Reached XP level 2. HP: 23/23 MP: 3/3
   220 | D:1      | Learned a level 2 spell: Jinxbite
   865 | D:2      | Reached XP level 3. HP: 25/29 MP: 1/4
  1311 | D:2      | Reached XP level 4. HP: 37/37 MP: 2/5
  1813 | D:2      | Reached skill level 3 in Fighting
  1932 | D:2      | Found a runed translucent door.
  1933 | D:2      | Noticed Crazy Yiuf
  2840 | D:3      | Noticed a scorpion
  2855 | D:3      | Killed a scorpion
  2856 | D:3      | Reached XP level 5. HP: 46/46 MP: 2/6
  2985 | D:3      | Found a burning altar of Makhleb.
  3240 | D:3      | Identified the +1 robe "Bosch" {Harm +Inv Int-2 Dex-4}
  3684 | D:4      | Noticed Blork the orc
  3691 | D:4      | Killed Blork the orc
  3837 | D:4      | Reached XP level 6. HP: 52/52 MP: 4/7
  3970 | D:4      | Reached skill level 3 in Shields
  4045 | D:4      | Found a runed translucent door.
  4213 | D:4      | Noticed Jingleheimer's ghost (amateur OpSh)
  4439 | D:4      | Found a broken altar of Ashenzari.
  4459 | D:4      | Found a blossoming altar of Fedhas.
  4459 | D:4      | Found a basalt altar of Yredelemnul.
  4560 | D:4      | Found a runed translucent door.
  4632 | D:4      | Noticed Ijyb
  4664 | D:4      | Noticed Natasha
  4772 | D:5      | Entered Level 5 of the Dungeon
  5037 | D:4      | Reached skill level 1 in Maces & Flails
  5165 | D:5      | Gained mutation: You have large cloven feet. [potion of
                  | mutation]
  5165 | D:5      | Gained mutation: Your body sometimes deteriorates upon
                  | taking damage. [potion of mutation]
  5331 | D:5      | Reached skill level 2 in Maces & Flails
  5346 | D:5      | Found a stormy altar of Qazlal.
  5380 | D:5      | Found a glowing drain.
  5525 | D:5      | Gained mutation: You regenerate magic and health when
                  | rolling toward enemies. (Rampage Regen) [Armataur growth]
  5525 | D:5      | Reached XP level 7. HP: 55/59 MP: 5/8
  5577 | D:5      | Reached skill level 3 in Maces & Flails
  6329 | D:5      | Reached skill level 4 in Maces & Flails
  6487 | D:5      | Found a white marble altar of Elyvilon.
  6777 | D:5      | Found a bloodstained altar of Trog.
  6783 | D:5      | Reached skill level 5 in Maces & Flails
  6872 | D:5      | Became a worshipper of Trog the Wrathful
  7267 | D:5      | Reached XP level 8. HP: 32/64 MP: 9/9
  7907 | D:6      | Reached skill level 6 in Maces & Flails
  8445 | D:6      | Reached skill level 7 in Maces & Flails
  8799 | D:6      | Reached * piety under Trog
  8906 | D:6      | HP: 2/99 [poisoned by a killer bee]
  8906 | D:6      | Slain by a killer bee

Illustrated notes

Levels and vault maps discovered:
D:1:      mrwooster_arrival_statue, layout_loops_ring
D:2:      minmay_evil_eye, layout_basic, minmay_pentomino_s4,
          uniq_crazy_yiuf_cottage
D:3:      layout_basic, mainiacjoe_overflow_six_doors_small,
          kennysheep_orc_sif_temple
D:4:      layout_loops_corners, gammafunk_temple_overflow_forgotten,
          ebering_ghost_sewer_f, uniq_ijyb, uniq_natasha, uniq_blork_the_orc
D:5:      layout_rooms, nicolae_elyvilon_temple_path,
          nicolae_qazlal_general_emergency, trog_three_pillars_becter,
          cheibrodos_sewer_entry_bend, kb_lookout_dungeons_type,
          corexii_checkpoint, grunt_ministairs_15
D:6:      layout_gridville, minmay_fire_ice_demons

Skill      XL: |  1  2  3  4  5  6  7  8 |
---------------+-------------------------+-----
Stealth        | 2 |  2.0
Fighting       | 1 2 3 4 |  4.1
Ranged Weapons | 2 |  2.0
Armour         | 2 |  2.0
Shields        | 2 3 |  3.3
Maces & Flails | 2 5 7 |  7.7
Dodging        | |  1.3
Spellcasting   | |  1.0
Hexes          | |  2.6
Fire Magic     | |  0.8

Action                     |  1- 3 |  4- 6 |  7- 9 || total
---------------------------+-------+-------+-------++-------
  Melee: Rapier            |       |    54 |       ||    54
         Kick              |       |    16 |    53 ||    69
         Tailslap          |       |     1 |    24 ||    25
         Flail             |       |       |    84 ||    84
         Morningstar       |       |       |   103 ||   103
   Fire: Sling             |   115 |   162 |       ||   277
  Throw: Boomerang         |       |       |     4 ||     4
   Cast: Jinxbite          |    18 |    34 |     3 ||    55
  Evoke: Wand              |       |       |     3 ||     3
    Use: Scroll            |       |     5 |     7 ||    12
         Potion            |       |     3 |     1 ||     4
 Armour: Robe              |    54 |    44 |       ||    98
         Ring mail         |       |    62 |   121 ||   183
         Chain mail        |       |       |   127 ||   127
  Dodge: Dodged            |    38 |    57 |    77 ||   172
  Block: Buckler           |     3 |    26 |    47 ||    76
